Map: Kairos Junction LE

Players

Vaaien

  • Race: Protoss Protoss
  • League: Silver
  • Spawn Location: 5:00

Nilfenheim - Winner!

  • Race: Terran Terran
  • League: Gold
  • Spawn Location: 11:00

VOD

Have the link to the VOD?

Description

Time

  • Played on: June 7, 2019, 4:21 p.m.
  • Length: 9:16
Show
View Real Time Build Order
Export as new Build Order

Vaaien Protoss 

Build Orders:  

Get SALT Encoding   

  12  0:02  Probe  
  13  0:14  Probe  
  14  0:26  Probe  
  14  0:28  Pylon  
  15  0:42  Probe  
  16  0:50  Probe  
  16  0:52  Assimilator  
  17  1:00  Probe  
  17  1:02  Gateway  
  18  1:12  Probe  
  19  1:24  Probe  
  20  1:33  Nexus  
  20  2:04  Probe, Cybernetics Core  
  21  2:10  Pylon  
  21  2:27  Warp Gate  
  21  2:28  Probe  
  22  2:31  Stalker  
  22  2:38  Pylon  
  22  2:40  Probe  
  25  2:44  Probe  
  26  2:52  Probe x2  
  28  3:00  Adept  
  28  3:01  Probe  
  28  3:04  Probe  
  32  3:10  Robotics Facility  
  32  3:13  Probe, Pylon  
  32  3:16  Probe  
  34  3:26  Probe  
  35  3:28  Probe  
  36  3:38  Probe  
  36  3:41  Probe  
  38  3:50  Probe  
  39  3:56  Gateway  
  39  3:58  Gateway  
  39  3:59  Observer  
  39  4:02  Probe  
  41  4:18  Adept  
  43  4:27  Immortal  
  44  5:06  Probe  
  45  5:10  Assimilator  
  45  5:11  Assimilator  
  45  5:15  Immortal  
  49  5:45  Assimilator  
  49  5:46  Probe  
  50  5:55  Immortal  
  54  5:58  Probe  
  55  6:10  Probe  
  56  6:22  Probe  
  57  6:28  Adept x2  
  57  6:32  Pylon  
  61  6:35  Probe  
  61  6:37  Pylon  
  61  6:39  Pylon  
  62  6:42  Pylon  
  62  6:44  Warp Prism  
  62  6:45  Pylon  
  62  6:50  Probe x2  
  66  7:02  Probe  
  67  7:12  Adept  
  67  7:13  Adept x2  
  67  7:14  Probe  
  74  7:16  Immortal  
  78  7:26  Probe  
  79  7:38  Probe  
  79  7:40  Gateway  
  79  7:42  Gateway  
  80  7:44  Gateway  
  80  7:47  Twilight Council  
  80  7:50  Probe  
  81  7:52  Adept x3  
  81  7:55  Immortal  
  81  7:57  Observer  
  91  8:08  Pylon  
  91  8:11  Pylon  
  91  8:14  Pylon  
  91  8:23  Adept x3  
  97  8:31  Shield Battery  
  97  8:34  Immortal  
  97  8:37  Sentry  
  97  8:38  Sentry  
Show
View Real Time Build Order
Export as new Build Order

Nilfenheim Terran - Winner!

Build Orders:  

Get SALT Encoding   

  12  0:02  SCV  
  13  0:14  SCV  
  14  0:19  Supply Depot  
  14  0:26  SCV  
  15  0:40  SCV  
  15  0:42  Barracks  
  16  0:45  Refinery  
  16  0:52  SCV  
  17  1:04  SCV  
  18  1:16  SCV  
  19  1:33  Orbital Command  
  19  1:40  Reaper  
  20  1:59  SCV  
  21  2:11  SCV  
  21  2:12  Command Center  
  21  2:13  Supply Depot  
  22  2:32  Marine  
  23  2:37  Bunker  
  23  2:45  Command Center  
  23  2:50  Marine  
  24  3:05  Barracks  
  24  3:07  Factory  
  24  3:08  Marine  
  25  3:51  Marine  
  26  3:57  SCV  
  27  4:06  SCV  
  27  4:09  SCV  
  29  4:15  Barracks Tech Lab, Barracks Reactor  
  29  4:18  SCV  
  29  4:21  Factory Tech Lab, SCV  
  31  4:30  SCV  
  32  4:33  SCV  
  33  4:42  SCV  
  33  4:45  SCV  
  35  5:06  SCV x2  
  37  5:07  Marine x2  
  37  5:08  Marine  
  40  5:14  Siege Tank  
  40  5:18  SCV x2  
  45  5:25  Marine  
  45  5:26  Stimpack  
  46  5:32  Supply Depot  
  46  5:53  Marine x3  
  46  5:54  Siege Tank, SCV x2  
  46  5:55  Supply Depot  
  54  6:16  Marine x3  
  54  6:17  Supply Depot  
  57  6:22  SCV x2  
  57  6:23  Refinery  
  59  6:32  Siege Tank  
  62  6:38  SCV x2, Marine x3  
  62  6:39  Supply Depot  
  67  6:46  Starport  
  67  6:56  Marine x3  
  70  7:02  Supply Depot  
  70  7:10  Engineering Bay  
  70  7:14  Marine x3  
  73  7:23  Medivac  
  75  7:31  Marine x3, Refinery  
  75  7:34  Barracks  
  78  7:49  Marine x3  
  81  7:53  Medivac  
  83  8:07  Marine x2  
  83  8:08  Marine  
  86  8:33  Marine  
  86  8:49  Marine  
  86  8:51  Marine  
  86  8:53  Marine  
Tags
 
Add a new tag
Caveats
  • Supply blocks, unpowered buildings, or Contaminate may cause inaccurate times.
  • Supply counts are checked every 10 seconds.